 Dungeon Crawl Stone Soup version 0.17.1-3-g152610e (webtiles) character file.

23497 MenacingMecha the Unseen (level 12, -7/53 HPs)
             Began as a Spriggan Enchanter on Feb 21, 2016.
             Was a High Priest of Dithmenos.
             Mangled by a seven-headed hydra (11 damage)
             ... on level 3 of the Lair of Beasts on Feb 22, 2016.
             The game lasted 01:30:17 (17200 turns).

MenacingMecha the Unseen (Spriggan Enchanter)      Turns: 17200, Time: 01:30:18

Health: -7/53      AC:  5    Str:  4    XL:     12   Next: 72%
Magic:  9/25       EV: 21    Int: 21    God:    Dithmenos [*****.]
Gold:   1613       SH:  0    Dex: 17    Spells: 5 memorised, 15 levels left

rFire  . . .     SeeInvis +     a - +3 dagger (venom)
rCold  + + .     Clarity  .     E - +2 robe {rC+}
rNeg   . . .     SustAt   .     (shield restricted)
rPois  .         Gourm    .     (helmet restricted)
rElec  .         Spirit   .     g - +0 cloak (curse)
rCorr  .         Warding  .     (gloves unavailable)
rMut   .         Stasis   .     (boots unavailable)
MR     ++...                    G - amulet of regeneration
Stlth  ++++++++++               O - ring of wizardry
                                b - ring of protection from cold

@: wreathed by umbra, very quick, very resistant to hostile enchantments,
uncannily stealthy
A: unfitting armour, see invisible, herbivore 3, speed 3, slow metabolism 2
a: Shadow Step, Shadow Form, Renounce Religion


You were on level 3 of the Lair of Beasts.
You worshipped Dithmenos.
Dithmenos was extremely pleased with you.
You were not hungry.

You visited 5 branches of the dungeon, and saw 18 of its levels.

You collected 1898 gold pieces.
You spent 285 gold pieces at shops.

Inventory:

Hand Weapons
 a - a +3 dagger of venom (weapon)
 F - a +1 short sword of venom
Armour
 g - a cursed +0 cloak (worn)
 E - a +2 robe of cold resistance (worn)
Jewellery
 b - a ring of protection from cold (left hand)
 e - an uncursed ring of stealth
 u - an uncursed ring of flight
 D - an uncursed ring of teleportation
 G - an amulet of regeneration (around neck)
 N - an uncursed amulet of stasis
 O - a ring of wizardry (right hand)
Wands
 J - a wand of teleportation (8)
 L - a wand of lightning (7)
 M - a wand of cold (4)
Scrolls
 c - a scroll of enchant weapon
 d - 2 scrolls of blinking
 f - 7 scrolls of remove curse
 h - a scroll of enchant armour
 k - 6 scrolls of identify
 o - 4 scrolls of recharging
 r - 4 scrolls of magic mapping
 A - 3 scrolls of fog
 C - 2 scrolls of teleportation
Potions
 i - 2 potions of cancellation
 m - a potion of flight
 n - 3 potions of curing
 p - a potion of berserk rage {unknown}
 t - a potion of agility
 v - 3 potions of brilliance
 x - a potion of resistance
Miscellaneous
 j - a box of beasts
Comestibles
 l - a slice of pizza
 B - 2 bread rations
 K - 7 fruits


   Skills:
 - Level 1.4 Fighting
 - Level 10.0 Short Blades
 - Level 6.0 Dodging
 + Level 18.3 Stealth
 + Level 8.1 Spellcasting
 + Level 14.8 Hexes
 + Level 2.9 Invocations


You had 15 spell levels left.
You knew the following spells:

 Your Spells              Type           Power        Failure   Level  Hunger
a - Corona                Hex            ######.      1%          1    None
b - Ensorcelled Hibernat  Hex/Ice        #####.       1%          2    None
c - Tukima's Dance        Hex            ######..     1%          3    None
d - Confuse               Hex            ######..     1%          3    None
e - Dazzling Spray        Conj/Hex       #####...     1%          3    None


Dungeon Overview and Level Annotations

Branches:
Dungeon (10/15)            Temple (1/1) D:5            Lair (3/8) D:8
    Orc (3/4) D:10            Elf (1/3) Orc:3
  Swamp: Lair:3-6    Shoals: Lair:3-6     Snake: Lair:3-6    Spider: Lair:3-6

Altars:
Ashenzari
Cheibriados
Dithmenos
Elyvilon
Fedhas
Gozag
Makhleb
Okawaru
Qazlal
Xom
Zin
Beogh

Shops:
D:9 =   Orc:3 =


Innate Abilities, Weirdness & Mutations

You are tiny and cannot use many weapons and most armour.
You have supernaturally acute eyesight.
You are a herbivore.
You cover ground extremely quickly.
You need consume almost no food.


Message History

The seven-headed hydra misses you.
The seven-headed hydra bites you but does no damage.
The seven-headed hydra closely misses you.
The seven-headed hydra barely misses you.
The seven-headed hydra misses you. The seven-headed hydra bites you!
The seven-headed hydra bites you but does no damage.
Casting: Confuse
Confirm with . or Enter, or press ? or * to list all spells.
Aiming: Confuse
Press: ? - help, Shift-Dir - straight line, f/p - seven-headed hydra
Aim: a seven-headed hydra (umbra, chance to defeat MR: 45%)
The seven-headed hydra resists with some effort.
The seven-headed hydra bites you!
The seven-headed hydra closely misses you. x2
The seven-headed hydra bites you. The seven-headed hydra bites you!
* * * LOW HITPOINT WARNING * * *
You emit a cloud of dark smoke.
The seven-headed hydra bites you!
* * * LOW HITPOINT WARNING * * *
The seven-headed hydra bites you!
You die...

###........................
#........................
#........................
#.........................
##........................
#........................
........................
......§D§...............
#.(..§@§.≈≈≈≈##########
#######§.≈≈### ##.≈######
#####÷≈##...###
####..÷..≈#.....†##
#.#..###≈≈#†###...##
##...###≈≈≈≈≈.####..###
#..≈####≈≈≈#### #..≈≈#
###..≈≈≈###≈≈≈≈#####†.≈≈##


You could see a seven-headed hydra.

Vanquished Creatures
  Fannar (Lair:1)
  2 hydras
  Harold (Lair:1)
  Erica (D:8)
  An unseen horror (D:10)
  3 hill giants (D:10)
  Pikel (D:4)
  2 orc sorcerers (Orc:3)
  2 black mambas
  5 spiny frogs
  Psyche (D:8)
  6 komodo dragons
  The ghost of Clownie the Chopper, a novice FoGl (D:3)
  A fire drake (Lair:3)
  Prince Ribbit (D:7)
  6 yaks
  A hungry ghost (D:9)
  2 hippogriffs
  A steam dragon (D:8)
  A warg (Orc:1)
  6 wolves (Lair:1)
  6 orc warriors
  6 water moccasins
  A swamp drake (Lair:2)
  5 porcupines
  2 phantoms
  3 slaves (D:4)
  2 centaurs
  2 ice beasts (D:8)
  6 sky beasts
  An eye of draining (D:10)
  10 ogres
  18 crocodiles
  13 giant frogs
  A wyvern zombie (D:10)
  Dowan (D:4)
  14 killer bees
  A wyvern skeleton (D:8)
  2 wights
  An electric eel (Lair:3)
  A centaur zombie (D:8)
  A crimson imp (D:6)
  A quasit (D:9)
  A wasp zombie (D:8)
  A centaur skeleton (D:10)
  6 hounds
  4 jellies
  Ijyb (D:2)
  7 orc priests
  12 iguanas
  12 orc wizards
  3 giant frog skeletons
  9 worker ants
  A hound skeleton (D:9)
  13 adders
  29 river rats
  4 shadow imps
  3 oozes
  3 adder skeletons
  An adder zombie (D:9)
  6 worms
  10 giant geckos
  57 orcs
  4 giant cockroaches
  7 goblins
  8 hobgoblins
  3 kobolds
  8 quokkas
  7 bats
  10 giant newts
  11 jackals
  A jackal skeleton (D:8)
  A quokka skeleton (D:5)
  7 rats
  A butterfly (D:9)
  A plant (Lair:2)
396 creatures vanquished.

Vanquished Creatures (collateral kills)
  Erolcha (D:8)
  A two-headed ogre (D:8)
  3 orc warriors
  An ice beast (D:8)
  8 ogres
  6 wights
  A centaur zombie (D:10)
  3 orc priests
  27 orcs
  2 quokkas
  A giant newt (D:5)
54 creatures vanquished.

Vanquished Creatures (others)
  Duvessa (D:4)
  A fungus (Lair:3)
  4 plants (D:8)
6 creatures vanquished.

Grand Total: 456 creatures vanquished

Notes
Turn   | Place    | Note
--------------------------------------------------------------
     0 | D:1      | MenacingMecha the Spriggan Enchanter began the quest for the Orb.
     0 | D:1      | Reached XP level 1. HP: 9/9 MP: 5/5
    31 | D:1      | Found a shattered altar of Ashenzari.
   108 | D:1      | Reached XP level 2. HP: 13/13 MP: 6/6
   162 | D:1      | Learned a level 2 spell: Ensorcelled Hibernation
   187 | D:1      | Reached skill level 5 in Stealth
  1112 | D:1      | Reached XP level 3. HP: 16/16 MP: 8/8
  1155 | D:2      | Learned a level 3 spell: Tukima's Dance
  1614 | D:2      | Reached skill level 6 in Stealth
  1741 | D:2      | Reached XP level 4. HP: 15/21 MP: 7/9
  1753 | D:2      | Found a burning altar of Makhleb.
  2061 | D:2      | Noticed Ijyb
  2078 | D:2      | Killed Ijyb
  2078 | D:2      | Reached skill level 5 in Hexes
  2501 | D:2      | Reached XP level 5. HP: 24/24 MP: 10/10
  2506 | D:2      | Learned a level 3 spell: Confuse
  2725 | D:3      | Reached skill level 7 in Stealth
  3043 | D:3      | Noticed Clownie's ghost (novice FoGl)
  3630 | D:4      | Noticed a slave
  4129 | D:4      | Reached skill level 8 in Stealth
  4129 | D:4      | Reached XP level 6. HP: 23/28 MP: 4/11
  4395 | D:4      | Noticed Dowan
  4486 | D:4      | Found a snail-covered altar of Cheibriados.
  4487 | D:4      | Found a stormy altar of Qazlal.
  4651 | D:4      | Killed a slave
  4653 | D:4      | Noticed a slave
  4666 | D:4      | Noticed Pikel
  4668 | D:4      | Noticed a slave
  4687 | D:4      | Killed a slave
  4775 | D:4      | Killed a slave
  4860 | D:4      | Killed Pikel
  4860 | D:4      | Reached skill level 10 in Stealth
  4860 | D:4      | Reached XP level 7. HP: 14/32 MP: 0/12
  4944 | D:4      | Killed Duvessa
  5056 | D:4      | Noticed a freed slave
  5231 | D:4      | Killed Dowan
  5379 | D:5      | Entered Level 5 of the Dungeon
  5643 | D:5      | Reached skill level 11 in Stealth
  5643 | D:5      | Reached XP level 8. HP: 36/36 MP: 5/13
  5907 | D:5      | Found a staircase to the Ecumenical Temple.
  5957 | Temple   | Entered the Ecumenical Temple
  5963 | Temple   | Became a worshipper of Dithmenos the Shadowed
  6906 | D:7      | Noticed Prince Ribbit
  6912 | D:7      | Killed Prince Ribbit
  6912 | D:7      | Reached skill level 12 in Stealth
  6916 | D:7      | Found an iron altar of Okawaru.
  7132 | D:7      | Reached * piety under Dithmenos
  7189 | D:7      | Reached skill level 10 in Hexes
  7436 | D:8      | Found a blossoming altar of Fedhas.
  7456 | D:8      | Reached XP level 9. HP: 39/39 MP: 11/14
  7633 | D:8      | Noticed a komodo dragon
  7635 | D:8      | Found a staircase to the Lair.
  7647 | D:8      | Killed a komodo dragon
  7647 | D:8      | Reached skill level 13 in Stealth
  7808 | D:8      | Reached ** piety under Dithmenos
  7829 | D:8      | Noticed Psyche
  7831 | D:8      | Reached skill level 5 in Short Blades
  7834 | D:8      | Killed Psyche
  8539 | D:8      | Noticed Erolcha
  8550 | D:8      | Killed Erolcha
  8550 | D:8      | Reached skill level 14 in Stealth
  8755 | D:8      | Reached XP level 10. HP: 28/44 MP: 4/15
  8933 | D:8      | Noticed Erica
  8945 | D:8      | Killed Erica
  9039 | D:8      | Noticed a two-headed ogre
  9046 | D:8      | Killed a two-headed ogre
  9445 | D:8      | Learned a level 3 spell: Dazzling Spray
  9554 | D:9      | Found a shadowy altar of Dithmenos.
  9664 | D:9      | Found Ethroixze's Jewellery Shoppe.
  9883 | D:9      | Reached *** piety under Dithmenos
  9890 | D:9      | Bought a cursed ring of loudness for 58 gold pieces
  9890 | D:9      | Bought an uncursed ring of stealth for 227 gold pieces
  9959 | D:9      | Reached skill level 15 in Stealth
 10413 | D:9      | Found a shimmering altar of Xom.
 10673 | D:10     | Entered Level 10 of the Dungeon
 10673 | D:10     | Noticed a hill giant
 10724 | D:10     | Noticed a hill giant
 10731 | D:10     | Killed a hill giant
 10890 | D:10     | Killed a hill giant
 10907 | D:10     | Noticed a hill giant
 10914 | D:10     | Killed a hill giant
 10914 | D:10     | Reached XP level 11. HP: 47/47 MP: 16/16
 11056 | D:10     | Reached skill level 16 in Stealth
 11428 | D:10     | Noticed an unseen horror
 11430 | D:10     | Killed an unseen horror
 11614 | D:10     | Found a staircase to the Orcish Mines.
 12179 | D:3      | Killed Clownie's ghost
 12432 | Orc:1    | Entered Level 1 of the Orcish Mines
 12519 | Orc:1    | Reached **** piety under Dithmenos
 13521 | Orc:3    | Found a staircase to the Elven Halls.
 13543 | Orc:3    | Found Qoweten's Jewellery Boutique.
 14038 | Orc:3    | Reached ***** piety under Dithmenos
 14038 | Orc:3    | Reached skill level 10 in Short Blades
 14051 | Orc:3    | Found a roughly hewn altar of Beogh.
 14343 | Elf:1    | Entered Level 1 of the Elven Halls
 14343 | Elf:1    | Noticed a deep elf knight
 14532 | Lair:1   | Entered Level 1 of the Lair of Beasts
 14657 | Lair:1   | Reached skill level 1 in Fighting
 14665 | Lair:1   | Reached skill level 5 in Spellcasting
 14698 | Lair:1   | Reached skill level 17 in Stealth
 14778 | Lair:1   | Noticed Fannar
 14787 | Lair:1   | Killed Fannar
 14824 | Lair:1   | Noticed Harold
 14839 | Lair:1   | Killed Harold
 14839 | Lair:1   | Reached XP level 12. HP: 53/53 MP: 16/21
 15049 | Lair:1   | Reached skill level 5 in Dodging
 15650 | Lair:2   | Noticed a seven-headed hydra
 15660 | Lair:2   | Killed a seven-headed hydra
 16065 | Lair:2   | Reached skill level 1 in Invocations
 16648 | Lair:3   | Noticed a five-headed hydra
 16661 | Lair:3   | Killed a five-headed hydra
 16661 | Lair:3   | Reached skill level 18 in Stealth
 17193 | Lair:3   | Noticed a seven-headed hydra
 17200 | Lair:3   | Mangled by a seven-headed hydra

Action                   |  1- 3 |  4- 6 |  7- 9 | 10-12 || total
-------------------------+-------+-------+-------+-------++-------
Melee: Dagger            |   113 |   149 |   278 |   757 ||  1297
 Cast: Ensorcelled Hiber |    10 |    34 |    35 |    54 ||   133
       Confuse           |       |     2 |     5 |    27 ||    34
       Tukima's Dance    |       |     3 |    10 |    27 ||    40
       Dazzling Spray    |       |       |       |    10 ||    10
Invok: Shadow Step       |       |       |       |     1 ||     1
  Use: Scroll            |       |       |     3 |    19 ||    22
       Potion            |       |       |     1 |    11 ||    12
 Stab: Sleeping          |    14 |    32 |    50 |   132 ||   228
       Distracted        |       |       |     2 |     6 ||     8
       Confused          |       |       |     2 |    20 ||    22
       Invisible         |       |       |       |     6 ||     6
  Eat: Fruit             |       |     2 |       |       ||     2
       Bread ration      |       |     1 |     1 |     3 ||     5
